 Dungeon Crawl Stone Soup version 0.20.1-1-g8b1a95d (webtiles) character file.

18321 Peloso the Carver (level 12, -11/104 HPs)
             Began as a Minotaur Fighter on July 15, 2017.
             Was a High Priest of Okawaru.
             Mangled by a tyrant leech (25 damage)
             ... on level 3 of the Lair of Beasts.
             The game lasted 00:44:03 (14608 turns).

Peloso the Carver (Minotaur Fighter)               Turns: 14608, Time: 00:44:04

Health: -11/104    AC: 15    Str: 23    XL:     12   Next: 26%
Magic:  9/11       EV: 14    Int:  5    God:    Okawaru [*****.]
Gold:   655        SH: 15    Dex: 13    Spells: 11/11 levels left

rFire    . . .     SeeInvis .   Y - +1 falchion "Useur" {venom, +Inv}
rCold    + . .     Gourm    .   c - +0 shield
rNeg     . . .     Faith    .   A - +0 chain mail
rPois    .         Spirit   .   (helmet restricted)
rElec    +         Reflect  .   b - scarf of the Stars {rElec MR- Stlth+}
rCorr    .         Harm     .   l - +0 pair of gloves
MR       .....                  (no boots)
Stlth    ++........             q - amulet of regeneration
Regen    0.7/turn               X - ring of stealth
MPRegen  0.2/turn               h - ring of protection from cold

@: heroism
A: retaliatory headbutt, horns 2
a: Heroism, Finesse, Renounce Religion, Evoke Invisibility


You were on level 3 of the Lair of Beasts.
You worshipped Okawaru.
Okawaru was extremely pleased with you.
You were not hungry.

You visited 3 branches of the dungeon, and saw 14 of its levels.

You collected 655 gold pieces.

Inventory:

Hand Weapons
 a - a +0 falchion of protection
 L - a +1 whip of flaming
 Q - the +11 shortbow of Radicalism {freeze, rN+ Str+2 Dex-5, unknown}
   (You found it on level 8 of the Dungeon)

   It causes projectiles fired from it to freeze those they strike, causing
   extra injury to most foes and up to half again as much damage against
   particularly susceptible opponents.
   They can also slow down cold-blooded creatures.
   It affects your strength (+2).
   It affects your dexterity (-5).
   It protects you from negative energy.
 V - a +1 long sword of holy wrath
 Y - the +1 falchion "Useur" (weapon) {venom, +Inv}
   (You found it on level 2 of the Lair of Beasts)

   It poisons the flesh of those it strikes.
   It lets you turn invisible.
Armour
 b - the scarf of the Stars (worn) {rElec MR- Stlth+}
   (Okawaru gifted it to you on level 2 of the Lair of Beasts)

   It insulates you from electricity.
   It affects your resistance to hostile enchantments.
   It makes you more stealthy.
 c - a +0 shield (worn)
 l - a +0 pair of gloves (worn)
 A - a +0 chain mail (worn)
 E - a scarf of spirit shield
Jewellery
 h - a ring of protection from cold (right hand)
 i - a +2 amulet of reflection
 q - an amulet of regeneration (around neck)
 s - an uncursed amulet of magic regeneration
 F - an uncursed ring of fire
 R - an uncursed ring of flight
 S - an uncursed amulet of harm
 X - a ring of stealth (left hand)
Wands
 r - a wand of digging (16/24)
 x - a wand of digging (20/24)
 D - a wand of scattershot (2/9)
 G - a wand of iceblast (0/15)
 H - a wand of confusion (34/48)
 K - a wand of random effects (11/48)
 O - a wand of acid (7/15)
 U - a wand of confusion (26/48)
Scrolls
 j - 4 scrolls of remove curse
 n - a scroll of magic mapping
 o - 7 scrolls of identify
 u - 5 scrolls of amnesia
 v - a scroll of noise {unknown}
 y - 2 scrolls of summoning
 C - a scroll of fear
 I - 2 scrolls of enchant weapon
 W - a scroll of enchant armour {unknown}
Potions
 d - 6 potions of haste
 e - a potion of flight
 g - 3 potions of brilliance
 p - 2 potions of heal wounds
 t - 2 potions of curing
 B - a potion of invisibility {unknown}
 J - a potion of resistance {unknown}
 P - a potion of cancellation {unknown}
 T - a potion of berserk rage {unknown}
 Z - a potion of ambrosia {unknown}
Books
 M - a book of Debilitation

   Spells                             Type                      Level
   a - Corona                         Hexes                        1
   b - Slow                           Hexes                        2
   c - Inner Flame                    Hexes/Fire                   3
   d - Portal Projectile              Hexes/Translocation          3
   e - Cause Fear                     Hexes                        4
   f - Leda's Liquefaction            Hexes/Earth                  4
 N - a book of Misfortune

   Spells                             Type                      Level
   a - Confusing Touch                Hexes                        1
   b - Confuse                        Hexes                        3
   c - Gell's Gravitas                Translocation                3
   d - Petrify                        Transmutation/Earth          4
   e - Metabolic Englaciation         Hexes/Ice                    5
   f - Yara's Violent Unravelling     Hexes/Transmutation          5
Comestibles
 f - 14 bread rations
 k - 3 meat rations
 m - 4 royal jellies
 w - 4 fruits
 z - 3 chunks of flesh


   Skills:
 + Level 9.3(14.3) Fighting
 + Level 13.3(18.3) Long Blades
 + Level 1.0(6.0) Maces & Flails
 + Level 11.9(16.9) Armour
 + Level 5.1(10.1) Dodging
 + Level 2.0(7.0) Stealth
 + Level 12.6(17.6) Shields
 + Level 1.1 Invocations
 + Level 0.5 Evocations


You had 11 spell levels left.
You didn't know any spells.

Dungeon Overview and Level Annotations

Branches:
Dungeon (10/15)            Temple (1/1) D:5            Lair (3/6) D:8
  Swamp (0/4) Lair:3       Spider (0/4) Lair:2
    Orc: D:9-12

Altars:
Ashenzari
Cheibriados
Dithmenos
Elyvilon
Fedhas
Gozag
Hepliaklqana
Kikubaaqudgha
Makhleb
Nemelex Xobeh
Okawaru
Qazlal
Ru
Sif Muna
Trog
Uskayaw
Vehumet
Xom
Yredelemnul
Zin
The Shining One

Shops:
D:7 =   D:8 %


Innate Abilities, Weirdness & Mutations

You reflexively headbutt those who attack you in melee.
You have a pair of horns on your head.


Message History

You headbutt the tyrant leech!
The tyrant leech is heavily wounded.
You closely miss the tyrant leech. You headbutt the tyrant leech.
The tyrant leech is severely wounded.
You hit the tyrant leech.
The tyrant leech looks as sick as possible!
You headbutt the tyrant leech.
The tyrant leech is severely wounded.
The tyrant leech bites you!
* * * LOW HITPOINT WARNING * * *
The tyrant leech draws strength from your injuries!
Unknown command.
You slash the tyrant leech! You headbutt the tyrant leech!
The tyrant leech is almost dead.
You hit the tyrant leech but do no damage.
The tyrant leech looks as sick as possible!
Your headbutt misses the tyrant leech.
The tyrant leech is almost dead.
The tyrant leech bites you!!
You die...

## ### .### #.# ##### ## # ##
...####.######.#.##.##.#.###.. .
..............................
.............................#
..........♣♣♣♣♣...............
.........♣♣≈♣§♣♣.............####
.........♣♣§§≈♣♣@............##..
...#..#.#♣§§>≈§w.......P.........
...#####♣♣§§§§§♣.P###P#PP.....#..
...# ♣♣≈♣≈♣♣### ##....##### ..##
♣♣♣♣♣♣ #.....# ..# #P...# #....P#
..# #P..## #.....#### ..# ##..#
### ##.....##.# ..#
#..###.#####..........


You could see a tyrant leech.

Vanquished Creatures
  Snorg (Lair:3)
  The ghost of Syrinius the Zephyrmancer, a journeyman TeAE of Vehumet (D:9)
  2 hydras
  A centaur warrior (D:8)
  Pikel (D:7)
  The ghost of Tagedieb the Sneak, a novice OpEn (D:7)
  5 spiny frogs
  A black mamba (Lair:2)
  4 komodo dragons
  A demonic crawler (Lair:2)
  A freezing wraith (D:8)
  The ghost of Knicklaso the Carver, a novice DsGl of Hepliaklqana (D:5)
  A troll (D:8)
  A tyrant leech (Lair:3)
  Prince Ribbit (D:8)
  6 hippogriffs
  3 blink frogs (Lair:3)
  2 spriggans
  A wyvern (Lair:2)
  7 yaks
  A hungry ghost (D:8)
  The ghost of tschems the Skirmisher, an amateur HuFi of Okawaru (D:3)
  2 hell hounds (D:8)
  4 water moccasins
  3 porcupines
  3 orc warriors
  3 ice beasts
  3 black bears
  2 phantoms (D:7)
  A sky beast (D:6)
  A wolf (D:9)
  6 ogres
  A centaur (D:6)
  10 crocodiles
  8 bullfrogs
  A water moccasin zombie (D:6)
  7 scorpions
  A water moccasin skeleton (D:9)
  3 killer bees (D:9)
  5 electric eels
  8 wights
  A howler monkey (D:4)
  A bullfrog zombie (D:6)
  7 crimson imps
  2 centaur zombies
  A hound (D:8)
  3 jellies
  Crazy Yiuf (D:6)
  4 orc priests
  A centaur skeleton (D:8)
  A gnoll shaman (D:8)
  2 bullfrog skeletons
  Jessica (D:3)
  An iguana (D:8)
  9 orc wizards
  Terence (D:3)
  7 worker ants
  A hound zombie (D:8)
  2 worker ant zombies
  7 adders
  4 gnolls (D:8)
  A howler monkey skeleton (D:8)
  4 river rats (D:6)
  3 shadow imps
  A white imp (D:9)
  2 ufetubi (D:9)
  An adder zombie (D:9)
  2 adder skeletons
  7 worms
  9 dart slugs
  An adder simulacrum (D:9)
  6 leopard geckos
  28 orcs
  A ball python (D:3)
  10 giant cockroaches
  10 goblins
  6 hobgoblins
  10 jackals
  9 kobolds
  7 quokkas
  3 bats (D:1)
  2 frilled lizards
  A quokka skeleton (D:9)
  29 rats
326 creatures vanquished.

Vanquished Creatures (others)
  A centaur (D:8)
  A scorpion (D:7)
  2 orc wizards
  A goblin (D:2)
  2 fungi (Lair:2)
  A plant (Lair:2)
8 creatures vanquished.

Grand Total: 334 creatures vanquished

Notes
Turn   | Place    | Note
-------+----------+-------------------------------------------
     0 | D:1      | Peloso the Minotaur Fighter began the quest for the Orb.
     0 | D:1      | Reached XP level 1. HP: 19/19 MP: 0/0
    99 | D:1      | Reached XP level 2. HP: 13/27 MP: 1/1
   383 | D:1      | Reached XP level 3. HP: 29/33 MP: 2/2
   738 | D:2      | Reached skill level 3 in Long Blades
   999 | D:3      | Found a sacrificial altar of Ru.
  1023 | D:3      | Noticed Jessica
  1030 | D:3      | Killed Jessica
  1030 | D:3      | Reached XP level 4. HP: 38/40 MP: 3/3
  1076 | D:3      | Found a snail-covered altar of Cheibriados.
  1077 | D:3      | Found a blossoming altar of Fedhas.
  1079 | D:3      | Noticed tschems's ghost (amateur HuFi)
  1090 | D:3      | Killed tschems's ghost
  1090 | D:3      | Reached skill level 1 in Dodging
  1090 | D:3      | Reached skill level 5 in Shields
  1090 | D:3      | Reached XP level 5. HP: 41/47 MP: 4/4
  1097 | D:3      | Found a radiant altar of Vehumet.
  1150 | D:3      | Reached skill level 4 in Long Blades
  1153 | D:3      | Found a burning altar of Makhleb.
  1156 | D:3      | Found a shadowy altar of Dithmenos.
  1341 | D:3      | Noticed Terence
  1347 | D:3      | Killed Terence
  1347 | D:3      | Reached XP level 6. HP: 53/53 MP: 5/5
  1687 | D:4      | Reached skill level 5 in Armour
  1842 | D:4      | Reached skill level 5 in Long Blades
  1842 | D:4      | Reached XP level 7. HP: 44/60 MP: 6/6
  2036 | D:4      | HP: 2/60 [orc priest/enchanted hand axe (3)]
  2487 | D:5      | Entered Level 5 of the Dungeon
  2545 | D:5      | Reached skill level 5 in Fighting
  2553 | D:5      | Found a staircase to the Ecumenical Temple.
  2561 | D:5      | Noticed Knicklaso's ghost (novice DsGl)
  2575 | Temple   | Entered the Ecumenical Temple
  2948 | D:5      | Killed Knicklaso's ghost
  2948 | D:5      | Reached skill level 6 in Long Blades
  3086 | D:5      | Noticed a moth of wrath
  3089 | D:5      | Found a bloodstained altar of Trog.
  3098 | D:5      | Reached XP level 8. HP: 52/68 MP: 7/7
  3784 | D:6      | Reached skill level 7 in Long Blades
  3784 | D:6      | Reached skill level 1 in Stealth
  3804 | D:6      | Found an iron altar of Okawaru.
  3810 | D:6      | Became a worshipper of Warmaster Okawaru
  3941 | D:6      | Found a runed door.
  3945 | D:6      | Noticed Crazy Yiuf
  3957 | D:6      | Killed Crazy Yiuf
  4265 | D:6      | Reached skill level 8 in Long Blades
  4275 | D:6      | Reached * piety under Okawaru
  4385 | D:6      | Reached XP level 9. HP: 78/78 MP: 8/8
  4452 | D:6      | Reached skill level 9 in Long Blades
  4739 | D:7      | Found a white marble altar of Elyvilon.
  4770 | D:7      | Found a shimmering altar of Xom.
  4800 | D:7      | Noticed Tagedieb's ghost (novice OpEn)
  4816 | D:7      | Killed Tagedieb's ghost
  4830 | D:7      | Found a shimmering altar of Xom.
  4894 | D:7      | Reached skill level 10 in Long Blades
  4952 | D:7      | Reached ** piety under Okawaru
  5059 | D:7      | Noticed Pikel
  5090 | D:7      | Killed Pikel
  5090 | D:7      | Reached skill level 11 in Long Blades
  5220 | D:7      | Found Wesikked's Jewellery Emporium.
  5253 | D:7      | Reached *** piety under Okawaru
  5577 | D:8      | Found a staircase to the Lair.
  5680 | D:8      | Reached XP level 10. HP: 35/86 MP: 4/9
  5957 | D:8      | Found a glowing golden altar of the Shining One.
  6795 | D:8      | Noticed Prince Ribbit
  6807 | D:8      | Killed Prince Ribbit
  6807 | D:8      | Reached **** piety under Okawaru
  6871 | D:8      | Found Futhois's Food Boutique.
  7336 | D:8      | Noticed a centaur warrior
  7348 | D:8      | Killed a centaur warrior
  7348 | D:8      | Reached skill level 12 in Long Blades
  7398 | D:8      | Reached skill level 10 in Shields
  7417 | D:8      | Got a crystal shortbow
  7627 | D:9      | Noticed Syrinius's ghost (journeyman TeAE)
  7790 | D:9      | Killed Syrinius's ghost
  7790 | D:9      | Reached skill level 10 in Armour
  7956 | D:9      | Reached XP level 11. HP: 72/93 MP: 10/10
  8117 | D:9      | Found a basalt altar of Yredelemnul.
  8319 | D:9      | Found a shadowy altar of Dithmenos.
  8336 | D:9      | Reached ***** piety under Okawaru
  8763 | D:10     | Entered Level 10 of the Dungeon
  9674 | Lair:1   | Entered Level 1 of the Lair of Beasts
 11185 | Lair:2   | Noticed a seven-headed hydra
 11199 | Lair:2   | Killed a seven-headed hydra
 11199 | Lair:2   | Received a gift from Okawaru
 11206 | Lair:2   | Reached skill level 1 in Invocations
 11215 | Lair:2   | Got an ichor-stained scarf {god gift}
 11226 | Lair:2   | Identified the scarf of the Stars {rElec MR- Stlth+} (Okawaru gifted it to you on level 2 of the Lair of Beasts)
 11765 | Lair:2   | Noticed a four-headed hydra
 12220 | Lair:2   | Reached skill level 13 in Long Blades
 12419 | Lair:2   | Got a twisted falchion
 12420 | Lair:2   | Identified the cursed +1 falchion "Useur" {venom, +Inv} (You found it on level 2 of the Lair of Beasts)
 12965 | Lair:1   | Killed a four-headed hydra
 12965 | Lair:1   | Reached XP level 12. HP: 64/104 MP: 8/11
 13144 | Lair:2   | Found a hole to the Spider Nest.
 13456 | Lair:3   | Reached skill level 5 in Dodging
 13918 | Lair:3   | Noticed Snorg
 13942 | Lair:3   | Killed Snorg
 14040 | Lair:3   | Reached skill level 1 in Maces & Flails
 14573 | Lair:3   | Found a staircase to the Swamp.
 14608 | Lair:3   | Mangled by a tyrant leech

Skill      XL: |  1  2  3  4  5  6  7  8  9 10 11 12 |
---------------+-------------------------------------+-----
Shields        | 4 5 6 7 8 10 12 | 12.6
Fighting       | 4 5 6 7 9 |  9.3
Armour         | 4 5 6 7 8 10 11 | 11.9
Long Blades    | 3 4 5 6 8 11 12 13 | 13.3
Dodging        | 1 2 3 4 5 |  5.1
Stealth        | 1 2 |  2.0
Invocations    | 1 |  1.1
Maces & Flails | 1 |  1.0
Evocations     | |  0.5

Action                   |  1- 3 |  4- 6 |  7- 9 | 10-12 || total
-------------------------+-------+-------+-------+-------++-------
Melee: Long sword        |   126 |   101 |   397 |       ||   624
       Headbutt          |    16 |    15 |   110 |   252 ||   393
       Unarmed           |       |       |     4 |       ||     4
       Falchion          |       |       |    25 |  1008 ||  1033
       Whip              |       |       |       |    27 ||    27
Invok: Heroism           |       |       |     1 |     9 ||    10
Evoke: Wand              |       |       |       |     6 ||     6
  Use: Potion            |       |     1 |       |     9 ||    10
       Scroll            |       |     9 |     2 |     8 ||    19
  Eat: Chunk             |     1 |     3 |    12 |    28 ||    44
       Fruit             |       |       |       |     2 ||     2
Armor: Scale mail        |    66 |    31 |    26 |       ||   123
       Chain mail        |       |       |    65 |   421 ||   486
Dodge: Dodged            |    44 |    30 |    76 |   255 ||   405
Block: Shield            |   101 |    61 |   200 |   697 ||  1059
       Reflection        |     3 |     1 |     2 |     7 ||    13
       Rpst.: Long sword |     9 |     9 |    17 |       ||    35
       Falchion          |       |       |     3 |    46 ||    49
